 Dungeon Crawl Stone Soup version 0.29.0-13-gc9e81de378 (webtiles) character file.

Game seed: 7760669131849881566

361 sanka the Chopper (level 6, 47/47 HPs)
             Began as a Merfolk Berserker on Sept 7, 2022.
             Was a Believer of Trog.
             Quit the game in a sewer.
             The game lasted 00:04:29 (4100 turns).

sanka the Chopper (Merfolk Berserker)               Turns: 4100, Time: 00:04:29

Health: 47/47      AC:  6    Str: 20    XL:     6   Next: 66%
Magic:  6/6        EV: 13    Int:  6    God:    Trog [**....]
Gold:   201        SH:  0    Dex: 13    Spells: 5/5 levels left

rFire   . . .      SeeInvis .   a - +0 hand axe
rCold   . . .      Faith    .   (no shield)
rNeg    . . .      Spirit   .   q - +0 scale mail
rPois   +          Reflect  .   (no helmet)
rElec   .          Harm     .   (no cloak)
rCorr   .          Rampage  .   (no gloves)
Will    .....                   (boots currently unavailable)
Stlth   +.........              (no amulet)
HPRegen 0.15/turn               (no ring)
MPRegen 0.10/turn               k - ring of poison resistance

@: very quick
A: nimble swimmer 2, mertail
a: Renounce Religion, Berserk, Trog's Hand


You were in a sewer.
You worshipped Trog.
Trog was pleased with you.
You visited 1 branch of the dungeon, and saw 4 of its levels.
You also visited: Sewer.

You collected 201 gold pieces.


Innate Abilities, Weirdness & Mutations

You are very nimble when in or above water. (Stealth+, EV+, Speed+++)
Your lower body shifts to a powerful aquatic tail in water.


   Skills:
 - Level 3.2 Fighting
 + Level 6.0 Axes
 - Level 1.3 Armour
 - Level 2.6 Dodging


You had 5 spell levels left.
You didn't know any spells.
Your spell library was empty.

Inventory:

Hand Weapons
 a - a +0 hand axe (weapon)
Armour
 b - a +0 animal skin
 q - a +0 scale mail (worn)
Jewellery
 k - a ring of poison resistance (right hand)
Wands
 r - a wand of flame (19)
Scrolls
 c - 4 scrolls of torment {unknown}
 e - 3 scrolls of poison {unknown}
 g - a scroll of noise {unknown}
 i - 4 scrolls of identify {unknown}
 j - 2 scrolls of teleportation {unknown}
 m - a scroll of enchant weapon {unknown}
 o - 2 scrolls of enchant armour {unknown}
 p - a scroll of amnesia {unknown}
Potions
 d - a potion of berserk rage {unknown}
 f - 2 potions of heal wounds {@q2}
 h - a potion of curing {unknown}
 l - a potion of mutation {unknown}
 n - a potion of invisibility {unknown}

Dungeon Overview and Level Annotations

Branches:
Dungeon (4/15)              Sewer (1/1)
 Temple: D:4-7

Altars:
Fedhas
Makhleb

~~~~~~..~~.▒▒▒▒▒▒▒▒~.~~†▒▒▒▒▒
..▒▒▒▒▒..~~.▒ ▒▒▒▒▒~~~~.▒ .
▒▒..~.▒ ▒▒▒▒▒▒▒ ▒▒.~.▒ ▒.~.▒
▒~~.▒ ▒▒~~~▒▒ ▒.~~~~▒ ▒.▒▒▒m▒
▒†▒ ▒~▒ ▒▒~▒▒▒~▒ ▒~~~▒.~~
▒~▒~▒~▒~ ▒~▒~▒~ ~▒ ▒~▒~▒S ~▒
▒.▒.▒. K▒ ▒▒▒▒▒


You could see a ball python and a kobold.


Message History

No target in view!
Unknown command.
No target in view!
Unknown command.
No target in view!
You start resting.
HP restored.
You see here an adder corpse.
A rat and an endoplasm come into view.
The endoplasm quivers.
There are monsters nearby!
There are monsters nearby!
You hit the rat.
You kill the rat!
Trog accepts your kill. The endoplasm freezes you.
You are frozen.
You see here a rat corpse.
You slash the endoplasm!
You kill the endoplasm!
Trog accepts your kill.
No target in view!
No target in view!
Unknown command.
You see here a rat corpse.
A ball python and a kobold come into view.
The kobold is wielding a +0 short sword and quivering poisoned darts.
The ball python hisses angrily.
The kobold shouts!
Are you sure you want to abandon this character and quit the game? (Confirm with "yes".)

Action                   |  1- 3 |  4- 6 || total
-------------------------+-------+-------++-------
Melee: Hand axe          |   132 |   173 ||   305
       Punch             |       |     1 ||     1
       Tailslap          |       |    10 ||    10
Invok: Berserk           |       |     2 ||     2
       Trog's Hand       |       |     2 ||     2
  Use: Potion            |       |     1 ||     1
 Stab: Sleeping          |     4 |       ||     4
Armor: Animal skin       |    30 |     1 ||    31
       Scale mail        |       |    53 ||    53
Dodge: Dodged            |    91 |    88 ||   179

Levels and vault maps discovered:
D:1:      dpeg_arrival_three_bigger_balls, layout_loops_ring
D:2:      layout_basic, basic_altar, reono_crystal_passage
D:3:      layout_rooms, bloody_makhleb, hellmonk_ecumenical_altar_prayer_group,
          uniq_jessica, uniq_ijyb
D:4:      layout_basic, portal_sewer_entry_b, serial_rivers,
          chequers_serial_rivers_micro_e, chequers_serial_rivers_micro_d,
          chequers_serial_rivers_micro_a, chequers_serial_rivers_micro_e
Sewer:    sewer_co_tree

Notes
Turn   | Place    | Note
-------+----------+-------------------------------------------
     0 | D:1      | sanka the Merfolk Berserker began the quest for the Orb.
     0 | D:1      | Reached XP level 1. HP: 18/18 MP: 1/1
   467 | D:1      | Reached XP level 2. HP: 24/24 MP: 2/2
   481 | D:1      | Reached skill level 3 in Axes
  1231 | D:1      | Reached XP level 3. HP: 28/29 MP: 3/3
  1538 | D:2      | Reached ** piety under Trog
  1582 | D:2      | Found a blossoming altar of Fedhas.
  1842 | D:3      | Found a burning altar of Makhleb.
  2441 | D:3      | Reached XP level 4. HP: 35/35 MP: 4/4
  2552 | D:3      | Reached skill level 4 in Axes
  2781 | D:3      | Found a faded altar of an unknown god.
  2854 | D:3      | Noticed Ijyb
  2869 | D:3      | Killed Ijyb
  2965 | D:3      | Noticed Jessica
  2974 | D:3      | Killed Jessica
  2975 | D:3      | Reached XP level 5. HP: 32/41 MP: 5/5
  3269 | D:4      | Reached skill level 5 in Axes
  3327 | D:4      | Found a glowing drain.
  3359 | D:4      | HP: 3/41 [river rat (4)]
  3365 | D:4      | HP: 2/41 [river rat (4)]
  3520 | Sewer    | Entered a sewer
  3539 | Sewer    | Noticed a kobold brigand
  3559 | Sewer    | Killed a kobold brigand
  3560 | Sewer    | Reached XP level 6. HP: 32/47 MP: 6/6
  3918 | Sewer    | Reached skill level 6 in Axes
  4100 | Sewer    | Quit the game

Vanquished Creatures
  2 kobold brigands (Sewer)
  Jessica (D:3)
  Ijyb (D:3)
  An orc wizard (D:4)
  3 river rats
  3 adders
  2 dart slugs
  7 orcs
  8 ball pythons
  8 endoplasms
  4 giant cockroaches
  5 goblins
  3 hobgoblins
  3 jackals (D:1)
  3 quokkas
  6 bats
  A frilled lizard (D:3)
  2 kobolds
  6 rats
69 creatures vanquished.

Vanquished Creatures (others)
  An orc wizard (D:4)
1 creature vanquished.

Grand Total: 70 creatures vanquished
